[Event "Petrov Memorial Rapid"]
[Site "Jurmala"]
[Date "2015.03.07"]
[Round "1"]
[White "Morozevich, Alexander"]
[Black "Mamedjarova, Zeinab"]
[Result "1-0"]
[ECO "C41"]
[WhiteElo "2711"]
[BlackElo "2303"]
[Annotator "Robot 6"]
[PlyCount "41"]
[EventDate "2015.??.??"]
[EventCountry "LAT"]
[TimeControl "900+6"]

1. e4 e5 2. Nf3 d6 3. Nc3 Nf6 4. g3 Be7 5. Bg2 O-O 6. O-O c6 7. d4 Nbd7 8. a4
a5 9. h3 h6 10. Re1 Re8 11. Be3 Nh7 12. Nd2 Nb6 13. d5 Bg5 14. Nf1 Bxe3 15.
Nxe3 c5 16. Nb5 Qe7 17. Ra3 Rd8 18. Rb3 Nxa4 19. Nc4 Bd7 20. Qa1 Ng5 21. h4 1-0

[Event "Petrov Memorial Rapid"]
[Site "Jurmala"]
[Date "2015.03.07"]
[Round "1"]
[White "Reizniece-Ozola, Dana"]
[Black "Karjakin, Sergey"]
[Result "0-1"]
[ECO "A29"]
[WhiteElo "2245"]
[BlackElo "2757"]
[Annotator "Robot 6"]
[PlyCount "70"]
[EventDate "2015.??.??"]
[EventCountry "LAT"]
[TimeControl "900+6"]

1. c4 e5 2. Nc3 Nf6 3. Nf3 Nc6 4. g3 d5 5. cxd5 Nxd5 6. Bg2 Nb6 7. O-O Be7 8.
d3 O-O 9. a3 Be6 10. b4 a5 11. b5 Nd4 12. Nxd4 exd4 13. Na4 Bd5 14. Nxb6 cxb6
15. Bb2 Bxg2 16. Kxg2 Qd5+ 17. Kg1 a4 18. Qd2 Ra5 19. Rfc1 Rxb5 20. Rc4 Bc5 21.
Qc2 Rb3 22. Rc1 Qd7 23. Ra1 h5 24. h4 Re8 25. Re1 Re5 26. Qc1 Rd5 27. Rd1 Kh7
28. Re1 Qb5 29. Rc2 Bd6 30. Rd1 Be5 31. Rdd2 Qd7 32. Rc8 Qh3 33. Qc4 Bxg3 34.
fxg3 Qxg3+ 35. Kh1 Qxh4+ 0-1

[Event "Petrov Memorial Rapid"]
[Site "Jurmala"]
[Date "2015.03.07"]
[Round "1"]
[White "Kretainis, Kristaps"]
[Black "Tomashevsky, Evgeny"]
[Result "0-1"]
[ECO "B12"]
[WhiteElo "2289"]
[BlackElo "2745"]
[Annotator "Robot 6"]
[PlyCount "99"]
[EventDate "2015.??.??"]
[EventCountry "LAT"]
[TimeControl "900+6"]

1. e4 c6 2. d4 d5 3. e5 Bf5 4. Nf3 e6 5. Be2 Nd7 6. O-O Bg6 7. b3 Ne7 8. c4 Nf5
9. Nc3 Be7 10. Bb2 O-O 11. Qd2 f6 12. exf6 Bxf6 13. Rfe1 Bh5 14. Na4 Nd6 15.
Qe3 Re8 16. Ne5 Nf5 17. Qh3 Bxe2 18. Rxe2 Bxe5 19. dxe5 Nb6 20. Nc5 dxc4 21.
Nxb7 Qd5 22. Nd6 Rf8 23. Rc1 Rad8 24. Qc3 cxb3 25. axb3 c5 26. Qxc5 Qxb3 27.
Qc2 Qxc2 28. Rexc2 Rd7 29. g3 Nd5 30. Rc8 Nfe7 31. Rxf8+ Kxf8 32. Ba3 Kg8 33.
f4 h6 34. Kf2 Rc7 35. Kf3 Nf5 36. Rxc7 Nxc7 37. Ke4 g6 38. g4 Ne7 39. f5 gxf5+
40. gxf5 Nxf5 41. Nxf5 exf5+ 42. Kxf5 Kf7 43. Bb4 Ne6 44. Bc3 Ng7+ 45. Ke4 Ke6
46. Bb4 a6 47. h3 Nf5 48. Bc3 Ne7 49. Bd2 Nf5 50. Bc3 0-1

[Event "Petrov Memorial Rapid"]
[Site "Jurmala"]
[Date "2015.03.07"]
[Round "1"]
[White "Rapport, Richard"]
[Black "Volodins, Igors"]
[Result "1-0"]
[ECO "C48"]
[WhiteElo "2709"]
[BlackElo "2171"]
[Annotator "Robot 6"]
[PlyCount "71"]
[EventDate "2015.??.??"]
[EventCountry "LAT"]
[TimeControl "900+6"]

1. e4 e5 2. Nf3 Nc6 3. Nc3 Nf6 4. Bb5 Bc5 5. O-O d6 6. d4 exd4 7. Nd5 a6 8. Ba4
b5 9. Bb3 h6 10. Nxf6+ Qxf6 11. Bd5 Bd7 12. e5 dxe5 13. Nxe5 Nxe5 14. Bxa8 c6
15. Bb7 O-O 16. a4 Qg6 17. Bf4 Bg4 18. f3 d3+ 19. Kh1 Nxf3 20. Qxd3 Qxd3 21.
cxd3 Nd4 22. Be3 Bd7 23. Bxa6 Nb3 24. Bxc5 Nxc5 25. axb5 cxb5 26. d4 Nb3 27.
Rad1 Rb8 28. Rfe1 Rb6 29. Bc8 Rd6 30. Bxd7 Rxd7 31. d5 Na5 32. Re8+ Kh7 33. Rb8
Nb7 34. d6 f5 35. Rxb7 Rxb7 36. d7 1-0

[Event "Petrov Memorial Rapid"]
[Site "Jurmala"]
[Date "2015.03.07"]
[Round "1"]
[White "Dubrovin, Robert"]
[Black "Fedoseev, Vladimir"]
[Result "0-1"]
[ECO "D38"]
[WhiteElo "2221"]
[BlackElo "2674"]
[Annotator "Robot 6"]
[PlyCount "78"]
[EventDate "2015.??.??"]
[EventCountry "LAT"]
[TimeControl "900+6"]

1. d4 Nf6 2. c4 e6 3. Nf3 d5 4. Nc3 Bb4 5. cxd5 exd5 6. Qa4+ Nc6 7. Bg5 h6 8.
Bxf6 Qxf6 9. e3 O-O 10. Be2 Rd8 11. O-O Bf8 12. Rac1 Ne7 13. b4 a6 14. Qb3 c6
15. Na4 Bg4 16. Nc5 Ra7 17. Nd3 Nc8 18. Nde5 Be6 19. Nd2 Nd6 20. a4 Qe7 21. g3
Qe8 22. Bd3 a5 23. b5 cxb5 24. axb5 a4 25. Qb1 a3 26. Qb3 Ne4 27. Nxe4 dxe4 28.
Bc4 Bxc4 29. Nxc4 Qe6 30. Nd2 Qxb3 31. Nxb3 Rd5 32. Nc5 b6 33. Nxe4 Rxb5 34.
Nc3 Rb3 35. Rc2 Rc7 36. Rfc1 b5 37. Nd5 Rxc2 38. Rxc2 b4 39. Rc8 a2 0-1

[Event "Petrov Memorial Rapid"]
[Site "Jurmala"]
[Date "2015.03.07"]
[Round "1"]
[White "Mamedyarov, Shakhriyar"]
[Black "Petkevich, Jusefs"]
[Result "1-0"]
[ECO "C26"]
[WhiteElo "2756"]
[BlackElo "2365"]
[Annotator "Robot 6"]
[PlyCount "41"]
[EventDate "2015.??.??"]
[EventCountry "LAT"]
[TimeControl "900+6"]

1. e4 e5 2. Nc3 Nc6 3. g3 Nf6 4. Bg2 Bc5 5. d3 d6 6. h3 h6 7. Nge2 a6 8. O-O
Nd4 9. Kh2 Nxe2 10. Qxe2 Be6 11. f4 c6 12. Be3 Bxe3 13. Qxe3 Qa5 14. a3 Qc7 15.
b4 Rd8 16. Rf2 d5 17. exd5 exf4 18. Rxf4 cxd5 19. Rxf6 gxf6 20. Nxd5 Rxd5 21.
Bxd5 1-0

[Event "Petrov Memorial Rapid"]
[Site "Jurmala"]
[Date "2015.03.07"]
[Round "1"]
[White "Ivanchuk, Vasil "]
[Black "Troyke, Christian"]
[Result "1-0"]
[ECO "B27"]
[WhiteElo "2731"]
[BlackElo "2340"]
[Annotator "Robot 6"]
[PlyCount "63"]
[EventDate "2015.??.??"]
[EventCountry "LAT"]
[TimeControl "900+6"]

1. Nf3 g6 2. e4 c5 3. c3 Bg7 4. d4 cxd4 5. cxd4 d5 6. e5 Bg4 7. Nbd2 Nc6 8. Bb5
Rc8 9. O-O Nh6 10. h3 Bxf3 11. Nxf3 O-O 12. Qe2 e6 13. Bg5 Qd7 14. g4 Kh8 15.
Rac1 Ng8 16. Bxc6 Rxc6 17. Rxc6 Qxc6 18. Rc1 Qb6 19. Rc5 h6 20. Bh4 g5 21. Bg3
Ne7 22. h4 f6 23. exf6 Bxf6 24. hxg5 hxg5 25. Bc7 Qa6 26. Qxa6 bxa6 27. Bd6 Rf7
28. Rc7 Kg7 29. Ne5 Bxe5 30. Bxe5+ Kg6 31. Rxa7 Nc6 32. Rxa6 1-0

[Event "Petrov Memorial Rapid"]
[Site "Jurmala"]
[Date "2015.03.07"]
[Round "1"]
[White "Malakhov, Vladimir"]
[Black "Shlyakhetsky, Vladimir"]
[Result "1-0"]
[ECO "A13"]
[WhiteElo "2706"]
[BlackElo "2249"]
[Annotator "Robot 6"]
[PlyCount "113"]
[EventDate "2015.??.??"]
[EventCountry "LAT"]
[TimeControl "900+6"]

1. Nf3 e6 2. c4 d5 3. b3 Be7 4. Bb2 Bf6 5. Nc3 c6 6. d4 Ne7 7. e4 g6 8. Be2 Nd7
9. O-O O-O 10. Qd2 b6 11. Rfe1 Bb7 12. Bf1 Bg7 13. Rac1 dxe4 14. Nxe4 Nf6 15.
Nxf6+ Bxf6 16. c5 b5 17. Rcd1 Nd5 18. Ne5 a5 19. a4 bxa4 20. bxa4 Qc7 21. Bc3
Nxc3 22. Qxc3 Bxe5 23. dxe5 Ba6 24. Bxa6 Rxa6 25. Rd6 Rb8 26. h4 h5 27. Red1
Ra7 28. Qf3 Qe7 29. g3 Rc8 30. Qb3 Rb7 31. Qf3 Qe8 32. Qf6 Re7 33. Kh2 Qf8 34.
Rb1 Ree8 35. Rb7 Qg7 36. Qf4 Rf8 37. Rb6 f6 38. Rbxc6 Rxc6 39. Rxc6 fxe5 40.
Qd2 Qf6 41. Kg1 e4 42. Rd6 Qa1+ 43. Kg2 Qe5 44. Qd4 Qf5 45. Rd8 Rxd8 46. Qxd8+
Kf7 47. Qd7+ Kf6 48. Qd4+ Kf7 49. c6 Qf3+ 50. Kg1 e3 51. Qxe3 Qxc6 52. Qa7+ Kf6
53. Qxa5 Qc1+ 54. Kh2 Qc2 55. Qa7 Kf5 56. a5 Qa2 57. Qb6 1-0

[Event "Petrov Memorial Rapid"]
[Site "Jurmala"]
[Date "2015.03.07"]
[Round "2"]
[White "Ehlvest, Jaan"]
[Black "Morozevich, Alexander"]
[Result "0-1"]
[ECO "A10"]
[WhiteElo "2547"]
[BlackElo "2711"]
[Annotator "Robot 8"]
[PlyCount "58"]
[EventDate "2015.??.??"]
[EventCountry "LAT"]
[TimeControl "900+6"]

1. c4 b6 2. e4 Bb7 3. Nc3 e5 4. Nge2 Nc6 5. d3 Bc5 6. g3 Qf6 7. f4 Nge7 8. Na4
Bb4+ 9. Nec3 h5 10. h4 exf4 11. Bxf4 Ng6 12. Qd2 Nd4 13. O-O-O Nxf4 14. gxf4 a6
15. Qe3 b5 16. e5 Nf5 17. Qf2 Qe6 18. Nd5 Bxd5 19. cxd5 Qxd5 20. Bg2 Qxa2 21.
Nc5 Ba3 22. Rd2 Qa1+ 23. Kc2 Qxb2+ 24. Kd1 Qc1+ 25. Ke2 Qxc5 26. Bxa8 c6 27.
Ra1 Qc3 28. Rda2 Bc5 29. Qe1 Nd4+ 0-1

[Event "Petrov Memorial Rapid"]
[Site "Jurmala"]
[Date "2015.03.07"]
[Round "2"]
[White "Socko, Monika"]
[Black "Mamedyarov, Shakhriyar"]
[Result "0-1"]
[ECO "A50"]
[WhiteElo "2463"]
[BlackElo "2756"]
[Annotator "Robot 8"]
[PlyCount "88"]
[EventDate "2015.??.??"]
[EventCountry "LAT"]
[TimeControl "900+6"]

1. d4 Nf6 2. c4 b6 3. Nc3 Bb7 4. Nf3 d5 5. cxd5 Nxd5 6. g3 g6 7. Bg2 Bg7 8.
Qa4+ Qd7 9. Qxd7+ Nxd7 10. Ne5 Nxe5 11. Bxd5 Nc6 12. e3 O-O-O 13. O-O e5 14.
dxe5 Nxe5 15. e4 Bxd5 16. Nxd5 c6 17. Nc3 Rhe8 18. Kg2 Nc4 19. Bg5 Rd3 20. Rac1
Nxb2 21. Nd5 Kb7 22. Nb4 Rd6 23. Bf4 Be5 24. Bxe5 Rxe5 25. Rc2 Nd3 26. Nxd3
Rxd3 27. f3 c5 28. Rff2 Kc6 29. Rfe2 Rd4 30. Rc3 a5 31. Rce3 b5 32. f4 Re8 33.
e5 b4 34. Kf3 a4 35. g4 c4 36. f5 gxf5 37. gxf5 b3 38. e6 fxe6 39. fxe6 Re7 40.
Kg3 Kc5 41. a3 Rd3 42. Kf4 Rxe3 43. Rxe3 b2 44. Re1 c3 0-1

[Event "Petrov Memorial Rapid"]
[Site "Jurmala"]
[Date "2015.03.07"]
[Round "2"]
[White "Meskovs, Nikita"]
[Black "Rapport, Richard"]
[Result "0-1"]
[ECO "E90"]
[WhiteElo "2450"]
[BlackElo "2709"]
[Annotator "Robot 8"]
[PlyCount "64"]
[EventDate "2015.??.??"]
[EventCountry "LAT"]
[TimeControl "900+6"]

1. d4 Nf6 2. Nf3 g6 3. c4 Bg7 4. Nc3 O-O 5. e4 d6 6. h3 c5 7. d5 e6 8. Be2 Qe7
9. O-O e5 10. Nh2 Nbd7 11. Be3 Kh8 12. a3 Ne8 13. Qd2 f5 14. exf5 gxf5 15. f4
e4 16. g4 Nc7 17. g5 b5 18. cxb5 Nb6 19. b3 a6 20. b4 Nxb5 21. Nxb5 axb5 22.
bxc5 dxc5 23. d6 Qf7 24. Bxc5 Nc4 25. Bxc4 bxc4 26. Bd4 Be6 27. a4 Rfb8 28.
Rfe1 Rb3 29. Re3 Rd3 30. Rxd3 cxd3 31. Qc3 Qa7 32. Bxa7 Bxc3 0-1

[Event "Petrov Memorial Rapid"]
[Site "Jurmala"]
[Date "2015.03.07"]
[Round "2"]
[White "Karjakin, Sergey"]
[Black "Stocek, Jiri"]
[Result "1/2-1/2"]
[ECO "B09"]
[WhiteElo "2757"]
[BlackElo "2554"]
[Annotator "Robot 8"]
[PlyCount "76"]
[EventDate "2015.??.??"]
[EventCountry "LAT"]
[TimeControl "900+6"]

1. e4 d6 2. d4 Nf6 3. Nc3 g6 4. f4 Bg7 5. Bd3 Nc6 6. Nf3 Bg4 7. Be3 e5 8. fxe5
dxe5 9. d5 Nd4 10. Be2 Bxf3 11. Bxf3 O-O 12. Qd3 c6 13. dxc6 bxc6 14. O-O Qa5
15. Ne2 Rad8 16. Nxd4 exd4 17. Bd2 Qc5 18. b4 Qb6 19. Bg5 h6 20. Bxf6 Bxf6 21.
Rab1 Be5 22. Be2 Kg7 23. Kh1 Rd6 24. a4 Qd8 25. Qh3 Rf6 26. Rxf6 Qxf6 27. Rf1
Qe7 28. b5 cxb5 29. axb5 Qc7 30. Bd3 Rb8 31. g3 Rb6 32. Kg2 h5 33. Qh4 Rf6 34.
Rxf6 Bxf6 35. Qf4 Be5 36. Qg5 f6 37. Qd2 h4 38. Qf2 hxg3 1/2-1/2

[Event "Petrov Memorial Rapid"]
[Site "Jurmala"]
[Date "2015.03.07"]
[Round "2"]
[White "Fedoseev, Vladimir"]
[Black "Korobkov, Piotr"]
[Result "1-0"]
[ECO "B30"]
[WhiteElo "2674"]
[BlackElo "2423"]
[Annotator "Robot 8"]
[PlyCount "67"]
[EventDate "2015.??.??"]
[EventCountry "LAT"]
[TimeControl "900+6"]

1. e4 c5 2. Nf3 Nc6 3. Bb5 e6 4. Bxc6 dxc6 5. O-O Nf6 6. Re1 Be7 7. d3 h6 8. e5
Nd5 9. Nbd2 a5 10. Ne4 O-O 11. a3 b6 12. Nfd2 Ba6 13. Qg4 Kh7 14. Nf3 a4 15.
Qh5 b5 16. Bg5 b4 17. Bxe7 Qxe7 18. axb4 cxb4 19. Rxa4 b3 20. c4 Nf4 21. Qg4
Nxd3 22. Rea1 Nb4 23. c5 Nc2 24. Rc1 Bd3 25. Nd6 Bg6 26. h4 Kg8 27. Qc4 Rxa4
28. Qxa4 Rb8 29. Qxc6 Qa7 30. Nc8 Qa2 31. Qc7 Qxb2 32. Ne7+ Kh7 33. Qxb8 Qxc1+
34. Kh2 1-0

[Event "Petrov Memorial Rapid"]
[Site "Jurmala"]
[Date "2015.03.07"]
[Round "2"]
[White "Przybylski, Wojciech"]
[Black "Malakhov, Vladimir"]
[Result "0-1"]
[ECO "B06"]
[WhiteElo "2378"]
[BlackElo "2706"]
[Annotator "Robot 8"]
[PlyCount "56"]
[EventDate "2015.??.??"]
[EventCountry "LAT"]
[TimeControl "900+6"]

1. e4 g6 2. d4 Bg7 3. Nc3 d6 4. Nf3 a6 5. Be2 b5 6. O-O Bb7 7. e5 e6 8. Bf4 Ne7
9. a4 bxa4 10. Rxa4 h6 11. h3 O-O 12. Bd3 Nd7 13. exd6 cxd6 14. Qe2 Nb6 15. Ra3
Nf5 16. Bxa6 Bxf3 17. Qxf3 Nxd4 18. Qd3 d5 19. Nb5 Nc4 20. Nxd4 Nxa3 21. bxa3
Qb6 22. Bb5 Qxd4 23. Qxd4 Bxd4 24. Bxh6 Rfc8 25. Bd3 Rxa3 26. g3 e5 27. Bc1 Ra1
28. Kg2 e4 0-1

[Event "Petrov Memorial Rapid"]
[Site "Jurmala"]
[Date "2015.03.07"]
[Round "3"]
[White "Morozevich, Alexander"]
[Black "Heberla, Bartlomiej"]
[Result "1-0"]
[ECO "D16"]
[WhiteElo "2711"]
[BlackElo "2567"]
[Annotator "Robot 8"]
[PlyCount "63"]
[EventDate "2015.??.??"]
[EventCountry "LAT"]
[TimeControl "900+6"]

1. d4 d5 2. c4 c6 3. Nf3 Nf6 4. Nc3 dxc4 5. a4 Bg4 6. Ne5 Bh5 7. f3 e6 8. e4
Bb4 9. Be2 b5 10. Be3 Nfd7 11. g4 Nxe5 12. dxe5 Qxd1+ 13. Kxd1 Bxc3 14. bxc3
Bg6 15. Kc2 Nd7 16. axb5 cxb5 17. Rhb1 h5 18. g5 Nxe5 19. Bd4 f6 20. gxf6 gxf6
21. Rxb5 O-O 22. Bxe5 fxe5 23. Rxe5 Rf6 24. Kd2 Bf7 25. Ke3 Rg6 26. Rxh5 Rb8
27. Rc5 Rg2 28. Bxc4 Rc2 29. Bd3 Rxh2 30. Rxa7 Rd8 31. Rcc7 Bh5 32. Bc4 1-0

[Event "Petrov Memorial Rapid"]
[Site "Jurmala"]
[Date "2015.03.07"]
[Round "3"]
[White "Fedorov, Alexei"]
[Black "Shirov, Alexei"]
[Result "1/2-1/2"]
[ECO "C44"]
[WhiteElo "2566"]
[BlackElo "2691"]
[Annotator "Robot 8"]
[PlyCount "57"]
[EventDate "2015.??.??"]
[EventCountry "LAT"]
[TimeControl "900+6"]

1. e4 e5 2. Nf3 Nf6 3. d3 Nc6 4. g3 d5 5. exd5 Nxd5 6. Bg2 g6 7. O-O Bg7 8. Re1
O-O 9. Nbd2 Re8 10. a3 b6 11. Rb1 Bb7 12. Nc4 Qd7 13. Bd2 Rad8 14. Qc1 f6 15.
Bh6 Nd4 16. Nxd4 exd4 17. Qd2 c5 18. Bxg7 Kxg7 19. Rxe8 Rxe8 20. Re1 Bc6 21.
Re2 Nc7 22. Bxc6 Qxc6 23. Qe1 Re6 24. Rxe6 Nxe6 25. h4 b5 26. Nd2 c4 27. Ne4 f5
28. Ng5 Nxg5 29. hxg5 1/2-1/2

[Event "Petrov Memorial Rapid"]
[Site "Jurmala"]
[Date "2015.03.07"]
[Round "3"]
[White "Chigaev, Maksim"]
[Black "Fedoseev, Vladimir"]
[Result "0-1"]
[ECO "B17"]
[WhiteElo "2497"]
[BlackElo "2674"]
[Annotator "Robot 8"]
[PlyCount "73"]
[EventDate "2015.??.??"]
[EventCountry "LAT"]
[TimeControl "900+6"]

1. e4 c6 2. d4 d5 3. Nc3 dxe4 4. Nxe4 Nd7 5. Ng5 Ngf6 6. Bd3 Qc7 7. Qe2 h6 8.
N5f3 e6 9. Nh3 Bd6 10. Bd2 O-O 11. O-O e5 12. Nh4 e4 13. Bxe4 Re8 14. f3 Bxh2+
15. Kh1 Nh5 16. Nf5 Ndf6 17. g4 Bxf5 18. Qxh2 Qxh2+ 19. Kxh2 Bxe4 20. gxh5 Bxc2
21. Nf4 Nxh5 22. Rf2 Nxf4 23. Bxf4 Bf5 24. Rg1 Kh7 25. Rfg2 g5 26. Be5 Kg6 27.
f4 f6 28. fxg5 fxe5 29. gxh6+ Kh7 30. Rg7+ Kh8 31. dxe5 Re6 32. R1g5 Rxh6+ 33.
Kg3 Rh7 34. Rxh7+ Bxh7 35. Kf4 Rf8+ 36. Ke3 Rf5 37. Kd4 0-1

[Event "Petrov Memorial Rapid"]
[Site "Jurmala"]
[Date "2015.03.07"]
[Round "3"]
[White "Krasenkow, Michal"]
[Black "Socko, Bartosz"]
[Result "1/2-1/2"]
[ECO "A17"]
[WhiteElo "2614"]
[BlackElo "2623"]
[Annotator "Robot 8"]
[PlyCount "151"]
[EventDate "2015.??.??"]
[EventCountry "LAT"]
[TimeControl "900+6"]

1. Nf3 Nf6 2. c4 e6 3. Nc3 Bb4 4. g4 h6 5. Qc2 b6 6. a3 Bxc3 7. Qxc3 Bb7 8. b4
c5 9. Bb2 Nc6 10. Rg1 Qc7 11. d3 O-O-O 12. bxc5 bxc5 13. Rb1 d6 14. Bg2 Nxg4
15. Bh1 f5 16. Qxg7 Qxg7 17. Bxg7 Rhg8 18. Bc3 Nxh2 19. Kd2 Ng4 20. Rbf1 d5 21.
cxd5 exd5 22. Nh4 d4 23. Bb2 Ne7 24. Rc1 Bxh1 25. Rxh1 Rd5 26. Ke1 Kd7 27. Ng2
Rb8 28. Rc2 Rd6 29. Bc1 Rb1 30. Rxc5 Nd5 31. Kd2 Nxf2 32. Rf1 Ng4 33. Rxf5 Nge3
34. Nxe3 Nxe3 35. Rf7+ Ke6 36. Rxa7 Rdb6 37. Ke1 Kd6 38. Rc8 Rc6 39. Rxc6+ Kxc6
40. Kd2 Ra1 41. Ra6+ Kb5 42. Ra8 h5 43. Rb8+ Kc6 44. Rc8+ Kd7 45. Rh8 h4 46. a4
Ke6 47. a5 Kf5 48. a6 Kg4 49. a7 Ra2+ 50. Ke1 Rxa7 51. Rg8+ Kh3 52. Bxe3 dxe3
53. Kd1 Ra1+ 54. Kc2 Ra2+ 55. Kd1 Ra1+ 56. Kc2 Re1 57. d4 Rxe2+ 58. Kd3 Re1 59.
d5 Kh2 60. d6 Rd1+ 61. Kxe3 Rxd6 62. Kf2 Rf6+ 63. Ke2 h3 64. Rg7 Ra6 65. Kf2
Ra2+ 66. Kf1 Rg2 67. Rh7 Rg6 68. Rf7 Kh1 69. Rf3 Kh2 70. Kf2 Ra6 71. Rf8 Ra2+
72. Kf1 Rg2 73. Rf7 Rg8 74. Kf2 Rg2+ 75. Kf1 Rc2 76. Rf2+ 1/2-1/2

[Event "Petrov Memorial Rapid"]
[Site "Jurmala"]
[Date "2015.03.07"]
[Round "3"]
[White "Rapport, Richard"]
[Black "Ladva, Ottomar"]
[Result "1-0"]
[ECO "A01"]
[WhiteElo "2709"]
[BlackElo "2410"]
[Annotator "Robot 8"]
[PlyCount "79"]
[EventDate "2015.??.??"]
[EventCountry "LAT"]
[TimeControl "900+6"]

1. b3 d5 2. Bb2 Bg4 3. f3 Bf5 4. e3 e6 5. Nc3 Nf6 6. g4 Bg6 7. h4 h5 8. g5 Nfd7
9. f4 c6 10. Nf3 Bd6 11. d4 Qe7 12. Bd3 Bxd3 13. Qxd3 f5 14. gxf6 gxf6 15.
O-O-O Na6 16. Rdg1 O-O-O 17. Rg2 Rdg8 18. Rhg1 Qf7 19. Qd2 f5 20. Ng5 Qe7 21.
Na4 Nf6 22. Kb1 Kb8 23. Qe2 b5 24. c4 dxc4 25. bxc4 bxa4 26. c5 Qb7 27. cxd6 a3
28. Qd3 axb2 29. Rxb2 Nb4 30. Qc4 Nfd5 31. a3 Qb5 32. Rc1 Qxc4 33. Rxc4 Kc8 34.
axb4 Kd7 35. Rb3 Rg7 36. Ra3 Kxd6 37. e4 Nxf4 38. e5+ Kd5 39. Rc5+ Kxd4 40.
Nf3+ 1-0

[Event "Petrov Memorial Rapid"]
[Site "Jurmala"]
[Date "2015.03.07"]
[Round "3"]
[White "Mamedyarov, Shakhriyar"]
[Black "Gleizerov, Evgeny"]
[Result "1-0"]
[ECO "A80"]
[WhiteElo "2756"]
[BlackElo "2531"]
[Annotator "Robot 8"]
[PlyCount "59"]
[EventDate "2015.??.??"]
[EventCountry "LAT"]
[TimeControl "900+6"]

1. d4 e6 2. Nf3 f5 3. h3 Nf6 4. g4 b6 5. Qd3 Ne4 6. Bg2 Be7 7. c4 O-O 8. Nfd2
Bh4 9. O-O Nxd2 10. Nxd2 Nc6 11. Nf3 Bb7 12. d5 Nb4 13. Qc3 Be7 14. dxe6 fxg4
15. hxg4 dxe6 16. a3 Na6 17. Be3 Nc5 18. Rad1 Qe8 19. b4 Ne4 20. Qc2 Nf6 21.
Nh2 Bxg2 22. Kxg2 Bd6 23. f3 Qc6 24. Rh1 g6 25. g5 Nd5 26. Ng4 Nxe3+ 27. Nxe3
Bf4 28. Rh6 Bxe3 29. Rxg6+ Kh8 30. Qc3+ 1-0

[Event "Petrov Memorial Rapid"]
[Site "Jurmala"]
[Date "2015.03.07"]
[Round "3"]
[White "Ivanchuk, Vasil"]
[Black "Shomoev, Anton"]
[Result "1-0"]
[ECO "B84"]
[WhiteElo "2731"]
[BlackElo "2578"]
[Annotator "Robot 8"]
[PlyCount "71"]
[EventDate "2015.??.??"]
[EventCountry "LAT"]
[TimeControl "900+6"]

1. e4 c5 2. Nf3 d6 3. d4 cxd4 4. Nxd4 Nf6 5. Nc3 a6 6. Be2 e6 7. Be3 Qc7 8. Qd2
b5 9. a3 Bb7 10. f3 Nc6 11. g4 Be7 12. g5 Nd7 13. h4 b4 14. axb4 Nxb4 15. Kf2
O-O 16. Ncb5 axb5 17. Qxb4 Nc5 18. Nxb5 Qb8 19. Rxa8 Bxa8 20. Qa3 f5 21. b4 Nd7
22. Qb3 d5 23. exf5 Rxf5 24. Nd4 Rf7 25. Nxe6 Ne5 26. Bd4 Qd6 27. Nc5 h6 28.
Ra1 Bc6 29. Ra6 Ng4+ 30. Ke1 Qg3+ 31. Kd1 Rf4 32. Qc3 Qxh4 33. Ne6 Qh1+ 34. Kd2
Bxg5 35. Nxg5 hxg5 36. Rxc6 1-0

[Event "Petrov Memorial Rapid"]
[Site "Jurmala"]
[Date "2015.03.07"]
[Round "3"]
[White "Malakhov, Vladimir"]
[Black "Jankovskis, Guntis"]
[Result "1-0"]
[ECO "C00"]
[WhiteElo "2706"]
[BlackElo "2346"]
[Annotator "Robot 8"]
[PlyCount "95"]
[EventDate "2015.??.??"]
[EventCountry "LAT"]
[TimeControl "900+6"]

1. Nf3 c5 2. e4 e6 3. g3 Nc6 4. Bg2 Nf6 5. Qe2 d6 6. O-O Be7 7. Rd1 O-O 8. d4
cxd4 9. Nxd4 Nxd4 10. Rxd4 e5 11. Rd1 Be6 12. c4 Qc7 13. b3 a6 14. Bb2 Bg4 15.
Bf3 Bxf3 16. Qxf3 b5 17. Nd2 Qb7 18. Rac1 Rfc8 19. Qd3 Nd7 20. h4 Nc5 21. Qe2
b4 22. Rb1 a5 23. a4 Bd8 24. Re1 Bb6 25. Bc1 Ne6 26. Nf3 Nd4 27. Nxd4 Bxd4 28.
Qg4 Re8 29. Be3 h5 30. Qf3 Bxe3 31. Rxe3 g6 32. Rd1 Re6 33. Rd5 Kg7 34. Red3
Qc7 35. Qe3 Ra6 36. Rb5 Rc6 37. Rdd5 Ra6 38. c5 dxc5 39. Rbxc5 Rac6 40. Qc1
Rxc5 41. Rxc5 Qd8 42. Qc2 Rd6 43. Rxe5 Rd2 44. Qc5 Qd3 45. Re8 Rd1+ 46. Kh2 Qf1
47. Qf8+ Kf6 48. Qh8# 1-0

[Event "Petrov Memorial Rapid"]
[Site "Jurmala"]
[Date "2015.03.07"]
[Round "4"]
[White "Shirov, Alexei"]
[Black "Sveshnikov, Evgeny"]
[Result "1/2-1/2"]
[ECO "B32"]
[WhiteElo "2691"]
[BlackElo "2511"]
[Annotator "Robot 8"]
[PlyCount "81"]
[EventDate "2015.??.??"]
[EventCountry "LAT"]
[TimeControl "900+6"]

1. e4 c5 2. Nf3 Nc6 3. d4 cxd4 4. Nxd4 e5 5. Nb5 d6 6. N1c3 a6 7. Na3 Be7 8.
Be3 Nf6 9. Nc4 b5 10. Nb6 Rb8 11. Nxc8 Qxc8 12. Bd3 O-O 13. O-O Bd8 14. a4 b4
15. Nd5 Nxd5 16. exd5 Ne7 17. a5 Nxd5 18. Bxh7+ Kxh7 19. Qxd5 Rb5 20. Qxd6 Bxa5
21. f4 Bc7 22. Qd3+ f5 23. c4 bxc3 24. bxc3 e4 25. Qe2 Bb6 26. Rab1 Bxe3+ 27.
Qxe3 Qc5 28. Qxc5 Rxc5 29. Rb3 Rd8 30. Ra1 a5 31. Rba3 Rd3 32. Rxa5 Rdxc3 33.
Rxc5 Rxc5 34. Ra6 g6 35. Kf2 Rc2+ 36. Kg3 Kh6 37. Kh3 Rf2 38. Kg3 Rd2 39. Kh3
Rd3+ 40. Kh4 Rd2 41. Kh3 1/2-1/2

[Event "Petrov Memorial Rapid"]
[Site "Jurmala"]
[Date "2015.03.07"]
[Round "4"]
[White "Naiditsch, Arkadij"]
[Black "Krasenkow, Michal"]
[Result "1/2-1/2"]
[ECO "B30"]
[WhiteElo "2711"]
[BlackElo "2614"]
[Annotator "Robot 8"]
[PlyCount "59"]
[EventDate "2015.??.??"]
[EventCountry "LAT"]
[TimeControl "900+6"]

1. e4 c5 2. Nf3 Nc6 3. Bb5 e6 4. Bxc6 bxc6 5. b3 f6 6. O-O Nh6 7. d4 Nf7 8. Ba3
Qb6 9. Nc3 cxd4 10. Na4 Qa5 11. Bxf8 Kxf8 12. Nxd4 g6 13. f4 Kg7 14. Kh1 c5 15.
Nf3 Qc7 16. e5 fxe5 17. Nxe5 Nxe5 18. fxe5 Ba6 19. c4 Rhf8 20. Qd2 Bb7 21. Nxc5
Bxg2+ 22. Kxg2 Qc6+ 23. Kg3 Qxc5 24. Qxd7+ Kh8 25. Qb7 Qe3+ 26. Kg2 Rab8 27.
Qc6 Rbc8 28. Qb7 Rb8 29. Qc6 Rbc8 30. Qb7 1/2-1/2

[Event "Petrov Memorial Rapid"]
[Site "Jurmala"]
[Date "2015.03.07"]
[Round "4"]
[White "Socko, Bartosz"]
[Black "Fedorov, Alexei"]
[Result "1-0"]
[ECO "E83"]
[WhiteElo "2623"]
[BlackElo "2566"]
[Annotator "Robot 8"]
[PlyCount "73"]
[EventDate "2015.??.??"]
[EventCountry "LAT"]
[TimeControl "900+6"]

1. d4 Nf6 2. c4 g6 3. f3 Bg7 4. e4 d6 5. Nc3 O-O 6. Nge2 a6 7. Be3 Nc6 8. Qd2
Bd7 9. g4 b5 10. cxb5 Na5 11. Nc1 axb5 12. Nxb5 c6 13. Nc3 Be6 14. h4 h5 15. g5
Nd7 16. Qc2 Qb6 17. Qd2 c5 18. dxc5 dxc5 19. Kf2 Rfd8 20. Qc2 Bd4 21. Na4 Bxe3+
22. Kxe3 Qa7 23. Kf2 c4+ 24. Kg2 Ne5 25. Be2 Nac6 26. b3 Nd4 27. Qb2 Rac8 28.
Rd1 Nxe2 29. Qxe2 Qa5 30. Qe1 Qxe1 31. Rxe1 cxb3 32. axb3 Rd2+ 33. Kg3 Rcc2 34.
Kf4 Rf2 35. Kxe5 Rxf3 36. Nb6 Bg4 37. Nd5 1-0

[Event "Petrov Memorial Rapid"]
[Site "Jurmala"]
[Date "2015.03.07"]
[Round "4"]
[White "Gelfand, Boris"]
[Black "Lysyj, Igor"]
[Result "1/2-1/2"]
[ECO "D41"]
[WhiteElo "2747"]
[BlackElo "2691"]
[Annotator "Robot 8"]
[PlyCount "69"]
[EventDate "2015.??.??"]
[EventCountry "LAT"]
[TimeControl "900+6"]

1. d4 Nf6 2. c4 e6 3. Nf3 d5 4. Nc3 c5 5. cxd5 cxd4 6. Qxd4 exd5 7. e4 Nc6 8.
Bb5 dxe4 9. Qxd8+ Kxd8 10. Ng5 Be6 11. Nxe6+ fxe6 12. Bxc6 bxc6 13. Ke2 Bb4 14.
Rd1+ Ke7 15. Na4 Rhd8 16. Be3 Rxd1 17. Rxd1 Bd6 18. Rc1 Kd7 19. Rc4 Kc7 20. Nc3
Be5 21. Bd4 Bxd4 22. Rxd4 e5 23. Rc4 Kd6 24. Nxe4+ Nxe4 25. Rxe4 Rb8 26. b3 a5
27. Ra4 Rb5 28. Ke3 Kd5 29. h4 h5 30. f4 exf4+ 31. Kxf4 Ke6 32. Re4+ Kf6 33.
Ke3 Rc5 34. Kd3 g5 35. hxg5+ 1/2-1/2